 Dungeon Crawl Stone Soup version 0.29.0-4-gdea44cf6ec (webtiles) character file.

Game seed: 17452907909759994145

118 qw the Chopper (level 5, -1/30 HPs)
             Began as a Tengu Warper on Aug 28, 2022.
             Succumbed to a scorpion's poison
             ... on level 4 of the Dungeon.
             The game lasted 00:00:17 (3961 turns).

qw the Chopper (Tengu Warper)                       Turns: 3961, Time: 00:00:18

Health: -1/30      AC:  5    Str: 13    XL:     5   Next: 2%
Magic:  9/9        EV: 13    Int: 13    God:
Gold:   127        SH:  0    Dex: 14    Spells: 8/8 levels left

rFire   . . .      SeeInvis .   Y - +0 hand axe
rCold   . . .      Faith    .   (no shield)
rNeg    . . .      Spirit   .   j - +0 ring mail
rPois   .          Reflect  .   (helmet restricted)
rElec   .          Harm     .   (no cloak)
rCorr   .          Rampage  .   (no gloves)
Will    .....                   (boots unavailable)
Stlth   +.........              (no amulet)
HPRegen 0.10/turn               (no ring)
MPRegen 0.11/turn               (no ring)

@: lethally poisoned (-1 -> -12), flying quickly and evasively, quick
A: beak, talons 3, nimble flight
a: no special abilities


You were on level 4 of the Dungeon.
You visited 1 branch of the dungeon, and saw 4 of its levels.

You collected 127 gold pieces.


Innate Abilities, Weirdness & Mutations

You have a beak for a mouth.
You have claws for feet.
Your magical nature lets you fly swiftly and evasively.


   Skills:
 - Level 2.0 Fighting
 + Level 5.5 Axes
 - Level 1.0 Throwing
 - Level 1.1 Armour
 - Level 2.1 Dodging
 - Level 2.0 Spellcasting
 - Level 2.4 Translocations


You had 8 spell levels left.
You didn't know any spells.
Your spell library contained the following spells:

 Spells                   Type           Power      Damage    Failure   Level
 Blink                    Tloc           14%        N/A       30%         2
 Gell's Gravitas          Tloc           7%         N/A       52%         3
 Lesser Beckoning         Tloc           7%         N/A       52%         3
 Teleport Other           Tloc           7%         N/A       52%         3
 Manifold Assault         Tloc           7%         N/A       99%         5

Inventory:

Hand Weapons
 h - the +2 whip "Lohe" {venom, Int+2}
   (You found it on level 2 of the Dungeon)

   It poisons the flesh of those it strikes.
   Int:       It affects your intelligence (+2).
 Y - a +0 hand axe (weapon)
Missiles
 c - 2 boomerangs (quivered)
Armour
 j - a +0 ring mail (worn)
Jewellery
 a - a +6 ring of strength
Scrolls
 e - a scroll of enchant armour
 f - a scroll of identify
 l - a scroll of vulnerability {unknown}
 n - a scroll of enchant weapon {unknown}
Potions
 b - a potion of cancellation {unknown}
 d - a potion of attraction {unknown}
 g - 2 potions of haste {unknown}
 k - a potion of invisibility {unknown}
 m - a potion of lignification {unknown}

Dungeon Overview and Level Annotations

Branches:
Dungeon (4/15)
 Temple: D:4-7

Altars:
Elyvilon

Annotations:
D:4 1 transporter


Message History

Press: ? - help, Q - select action, (/) - cycle Shift-Dir - straight line, f/p - scorpion You throw a silver javelin.
The silver javelin closely misses the scorpion.
Throw: 2 boomerangs
Press: ? - help, Q - select action Shift-Dir - straight line, f/p - scorpion You throw a boomerang.
The boomerang barely misses the scorpion.
You hit the scorpion but do no damage. Your kick misses the scorpion.
The scorpion completely misses you.
You hit the scorpion but do no damage. You claw the scorpion.
Your peck misses the scorpion.
The scorpion is lightly wounded.
The scorpion completely misses you.
You hit the scorpion. You peck the scorpion.
The scorpion is heavily wounded.
The scorpion stings you.
You are poisoned.
The scorpion poisons you!
You hit the scorpion. Your kick misses the scorpion.
The scorpion is heavily wounded.
You feel very sick. The scorpion stings you. x2
You are lethally poisoned!
The scorpion poisons you!
You barely miss the scorpion. You claw the scorpion.
The scorpion is severely wounded.
You feel very sick. The scorpion closely misses you.
You barely miss the scorpion. Your peck misses the scorpion.
The scorpion is severely wounded.
You feel very sick. The scorpion barely misses you.
You hit the scorpion.
You claw the scorpion, but do no damage.
The scorpion is almost dead.
You feel very sick. The scorpion barely misses you.
You barely miss the scorpion. You claw the scorpion.
You kill the scorpion!
You die...

#.#.#........#
#....(..#.#.##########
#.......#.#.#
###.......#.#.#
.........#.#.#
###.......#.#.#
.>........#.#.#########
..#....%..#.#.#.......#
.......@###.#.#.###.###
?#.#..........#.# #.#
########.###.# #.#
.....<......# #.#
#####...#######.#
###.........#
#.######### #.# #.#


There were no monsters in sight!

Vanquished Creatures
  A scorpion (D:4)
  2 adders
  4 gnolls (D:3)
  A dart slug (D:1)
  A worm (D:3)
  3 ball pythons
  4 endoplasms
  2 giant cockroaches
  5 goblins
  9 hobgoblins
  6 jackals
  3 quokkas (D:1)
  6 bats
  2 frilled lizards
  3 kobolds
  5 rats
57 creatures vanquished.

Vanquished Creatures (others)
  2 plants (D:2)
2 creatures vanquished.

Grand Total: 59 creatures vanquished

Notes
Turn   | Place    | Note
-------+----------+-------------------------------------------
     0 | D:1      | qw the Tengu Warper began the quest for the Orb.
     0 | D:1      | Reached XP level 1. HP: 12/12 MP: 4/4
     0 | D:1      | 0 ||| qw: Version: 0.1-a-89-g26bdef1
     0 | D:1      | 0 ||| qw: Game counter: 1938
     0 | D:1      | 0 ||| qw: Always use a shield: true
     0 | D:1      | 0 ||| qw: God list: Okawaru
     0 | D:1      | 0 ||| qw: Allow faded altars: false
     0 | D:1      | 0 ||| qw: Do Orc after D:15 true
     0 | D:1      | 0 ||| qw: Do second Lair branch before Depths: true
     0 | D:1      | 0 ||| qw: Lair rune preference: random
     0 | D:1      | 0 ||| qw: Plans: Normal
     0 | D:1      | 0 ||| PLANNING D:1-11
    13 | D:1      | HP: 3/12 [frozen (4)]
   306 | D:1      | 306 ||| Stepping ~*~*~tactically~*~*~ (stealth).
   307 | D:1      | 307 ||| Stepping ~*~*~tactically~*~*~ (stealth).
   316 | D:1      | 316 ||| Stepping ~*~*~tactically~*~*~ (stealth).
   324 | D:1      | 324 ||| Stepping ~*~*~tactically~*~*~ (stealth).
   327 | D:1      | Reached skill level 3 in Axes
   327 | D:1      | Reached XP level 2. HP: 17/17 MP: 6/6
   352 | D:1      | 352 ||| Stepping ~*~*~tactically~*~*~ (stealth).
   356 | D:1      | 356 ||| Stepping ~*~*~tactically~*~*~ (stealth).
   359 | D:1      | 359 ||| Stepping ~*~*~tactically~*~*~ (stealth).
   370 | D:1      | 370 ||| Stepping ~*~*~tactically~*~*~ (stealth).
   371 | D:1      | 371 ||| Stepping ~*~*~tactically~*~*~ (stealth).
   372 | D:1      | 372 ||| Stepping ~*~*~tactically~*~*~ (stealth).
   373 | D:1      | 373 ||| Stepping ~*~*~tactically~*~*~ (stealth).
   382 | D:1      | 382 ||| Stepping ~*~*~tactically~*~*~ (stealth).
   383 | D:1      | 383 ||| Stepping ~*~*~tactically~*~*~ (stealth).
   623 | D:1      | 623 ||| Stepping ~*~*~tactically~*~*~ (stealth).
  1017 | D:1      | Reached XP level 3. HP: 12/21 MP: 7/7
  1141 | D:1      | 1141 ||| DROPPING +0 club.
  1187 | D:1      | Found a faded altar of an unknown god.
  1495 | D:1      | Reached skill level 4 in Axes
  1800 | D:1      | 1800 ||| UPGRADING to +0 ring mail.
  1810 | D:1      | 1810 ||| DROPPING +0 leather armour.
  1811 | D:1      | 1811 ||| READING scroll labelled XAFOVA SAUF.
  1812 | D:1      | 1812 ||| READING 2 scrolls labelled REMINLYBRE.
  1813 | D:1      | 1813 ||| READING scroll labelled KUEPSOL XAUQAS.
  1914 | D:1      | 1914 ||| READING scroll labelled DOFOLA NUNU.
  2038 | D:1      | 2038 ||| DROPPING scroll of blinking.
  2265 | D:2      | Identified the +2 whip "Lohe" {venom, Int+2}
  2267 | D:2      | 2267 ||| DROPPING +0 whip.
  2493 | D:2      | Found a white marble altar of Elyvilon.
  2537 | D:2      | 2537 ||| READING scroll labelled LOESOT PAUGYX.
  2538 | D:2      | 2538 ||| READING 2 scrolls of identify.
  2538 | D:2      | 2538 ||| IDENTIFYING green potion
  2539 | D:2      | 2539 ||| DROPPING potion of degeneration.
  2540 | D:2      | 2540 ||| Stepping randomly (stuck).
  2541 | D:2      | 2541 ||| Stepping ~*~*~tactically~*~*~ (cloud).
  2548 | D:2      | HP: 5/21 [poisoned by you (poison gas)]
  3031 | D:3      | 3031 ||| Stepping ~*~*~tactically~*~*~ (hiding).
  3033 | D:3      | 3033 ||| Stepping ~*~*~tactically~*~*~ (hiding).
  3043 | D:3      | Reached XP level 4. HP: 22/26 MP: 8/8
  3051 | D:3      | Reached skill level 5 in Axes
  3078 | D:3      | 3078 ||| Stepping ~*~*~tactically~*~*~ (stealth).
  3085 | D:3      | HP: 4/26 [gnoll/+0 spear (4)]
  3647 | D:3      | 3647 ||| READING scroll labelled BITUTOEXEEWN.
  3648 | D:3      | 3648 ||| READING scroll labelled GUESIGAMMO.
  3698 | D:4      | Gained mutation: Your magical nature lets you fly swiftly
                  | and evasively. [Tengu growth]
  3698 | D:4      | Reached XP level 5. HP: 30/30 MP: 9/9
  3838 | D:4      | Found a transporter.
  3959 | D:4      | HP: 5/30 [poisoned by a scorpion]
  3960 | D:4      | HP: 2/30 [poisoned by a scorpion]
  3961 | D:4      | Succumbed to a scorpion's poison

Levels and vault maps discovered:
D:1:      dpeg_arrival_radiant, layout_basic, basic_ecumenical_altar,
          minmay_hexomino_f4
D:2:      layout_basic, basic_altar, minmay_fountain_box, serial_bayou_pond_e
D:3:      layout_basic, serial_glass, glass_columns_b, glass_columns_c
D:4:      gammafunk_wand_slinger, layout_basic, gammafunk_ghost_split,
          minmay_hollow_rounded_squares

Skill      XL: |  1  2  3  4 |
---------------+-------------+-----
Axes           | 3 4 5 |  5.5
Fighting       | |  2.0
Throwing       | |  1.0
Armour         | |  1.1
Dodging        | |  2.1
Spellcasting   | |  2.0
Translocations | |  2.4

Action                   |  1- 3 |  4- 6 || total
-------------------------+-------+-------++-------
Melee: Hand axe          |    97 |    26 ||   123
       Kick              |    23 |     8 ||    31
       Peck              |     9 |     5 ||    14
       Punch             |     2 |     1 ||     3
Throw: Boomerang         |    12 |     1 ||    13
       Javelin           |    14 |     8 ||    22
  Use: Scroll            |     6 |     2 ||     8
Armor: Leather armour    |    13 |       ||    13
       Ring mail         |     5 |       ||     5
Dodge: Dodged            |    50 |    12 ||    62

Table legend:
 A = Non-vault XP
 B = Vault XP
 C = Vault XP percentage of total XP
 D = Non-vault monster count
 E = Vault monster count
 F = Vault count percentage of total count
                 A         B        C        D         E       F
            +---------+---------+-------+---------+---------+-------
      Total |     250 |       6 |   2.3 |      54 |       3 |   5.3
            +---------+---------+-------+---------+---------+-------
        D:1 |      51 |       6 |  10.5 |      28 |       3 |   9.7
        D:2 |      13 |       0 |   0.0 |       8 |       0 |   0.0
        D:3 |      82 |       0 |   0.0 |      14 |       0 |   0.0
        D:4 |     104 |       0 |   0.0 |       4 |       0 |   0.0
            +---------+---------+-------+---------+---------+-------
